 Dungeon Crawl Stone Soup version 0.27.1-2-g3b301248ec (webtiles) character file.

Game seed: 12958792510308946205

1589 Rickety the Conjurer (level 8, -1/60 HPs)
             Began as a Gnoll Conjurer on Sept 28, 2021.
             Was a Follower of Vehumet.
             Killed from afar by an acid dragon (12 damage)
             ... with a splash of acid
             ... on level 7 of the Dungeon.
             The game lasted 00:15:35 (9246 turns).

Rickety the Conjurer (Gnoll Conjurer)               Turns: 9246, Time: 00:15:35

Health: -1/60      AC:  5    Str:  6    XL:     8   Next: 92%
Magic:  3/17       EV: 18    Int: 19    God:    Vehumet [*.....]
Gold:   149        SH:  0    Dex: 12    Spells: 11/19 levels left

rFire    + . .     SeeInvis .   a - +1 whip (venom)
rCold    . . .     Faith    .   (no shield)
rNeg     . . .     Spirit   .   l - +0 robe
rPois    .         Reflect  .   (no helmet)
rElec    .         Harm     .   (no cloak)
rCorr    .         Rampage  .   (no gloves)
Will     .....                  B - +2 pair of boots
Stlth    +++.......             (no amulet)
HPRegen  0.20/turn              q - +4 ring of evasion
MPRegen  0.15/turn              t - ring of protection from fire

@: no status effects
A: fangs 1, strong nose, distributed training
a: Renounce Religion


You were on level 7 of the Dungeon.
You worshipped Vehumet.
Vehumet was aware of your devotion.
You visited 2 branches of the dungeon, and saw 8 of its levels.

You collected 227 gold pieces.
You spent 78 gold pieces at shops.

Inventory:

Hand Weapons
 a - a +1 whip of venom (weapon)
 b - a +4 dagger
 c - a +2 vampiric whip
 f - a +0 whip of freezing
 s - a +4 flail of protection
 y - a +2 hand axe of flaming
 A - a +0 dagger of freezing
Missiles
 i - 2 throwing nets
 z - 9 poisoned darts
 E - a curare-tipped dart
Armour
 l - a +0 robe (worn)
 o - a +0 helmet
 w - +0 acid dragon scales
 B - a +2 pair of boots (worn)
Jewellery
 q - a +4 ring of evasion (left hand)
 t - a ring of protection from fire (right hand)
Wands
 j - a wand of polymorph (15)
 u - a wand of flame (13)
Scrolls
 d - 3 scrolls of teleportation {unknown}
 e - a scroll of enchant armour {unknown}
 h - 2 scrolls of amnesia {unknown}
 m - 2 scrolls of enchant weapon {unknown}
 p - 4 scrolls of identify
 x - a scroll of fog {unknown}
 D - a scroll of silence {unknown}
Potions
 g - 2 potions of curing
 k - a potion of cancellation {unknown}
 n - a potion of ambrosia {unknown}
 r - a potion of magic {unknown}
 v - a potion of heal wounds {unknown}
 C - 3 potions of haste {unknown}


   Skills:
 + Level 3.7 Fighting
 + Level 3.7 Short Blades
 + Level 3.7 Long Blades
 + Level 3.7 Axes
 + Level 3.7 Maces & Flails
 + Level 3.7 Polearms
 + Level 3.7 Staves
 + Level 3.7 Slings
 + Level 3.7 Bows
 + Level 3.7 Crossbows
 + Level 3.7 Throwing
 + Level 3.7 Armour
 + Level 5.9 Dodging
 + Level 5.6 Stealth
 + Level 3.7 Shields
 + Level 3.7 Unarmed Combat
 + Level 6.3 Spellcasting
 + Level 7.8 Conjurations
 + Level 3.0 Hexes
 + Level 3.0 Summonings
 + Level 3.0 Necromancy
 + Level 3.0 Translocations
 + Level 3.0 Transmutations
 + Level 3.0 Fire Magic
 + Level 3.0 Ice Magic
 + Level 3.0 Air Magic
 + Level 3.0 Earth Magic
 + Level 3.0 Poison Magic
 + Level 4.0 Invocations
 + Level 3.7 Evocations


You had 11 spell levels left.
You knew the following spells:

 Your Spells              Type           Power      Damage    Failure   Level
a - Magic Dart            Conj           100%       1d8       1%          1
d - Dazzling Flash        Conj/Hex       52%        N/A       3%          3
e - Ensorcelled Hibernat  Hex/Ice        34%        N/A       4%          2
r - Searing Ray           Conj           70%        3d5       1%          2

Your spell library contained the following spells:

 Spells                   Type           Power      Damage    Failure   Level
 Foxfire                  Conj/Fire      100%       2x1d9     1%          1
 Corona                   Hex            18%        N/A       3%          1
 Tukima's Dance           Hex            17%        N/A       10%         3
 Fulminant Prism          Conj/Hex       13%        3d9       12%         4
 Iskenderun's Mystic Bla  Conj/Tloc      26%        2d7       12%         4


Dungeon Overview and Level Annotations

Branches:
Dungeon (7/15)             Temple (1/1) D:6

Altars:
Ashenzari
Cheibriados
Dithmenos
Elyvilon
Fedhas
Gozag
Hepliaklqana
Kikubaaqudgha
Nemelex Xobeh
Okawaru
Qazlal
Sif Muna
Trog
Vehumet
Wu Jian
Xom
Yredelemnul
Zin

Shops:
D:4 ?

Annotations:
D:4 2 runed translucent doors


Innate Abilities, Weirdness & Mutations

You have very sharp teeth.
Your uncanny sense of smell can sniff out nearby items.
Your experience applies equally to all skills.


Message History

Aim: a crimson imp, wearing a +6 ring of strength (severely wounded, 71% to hit)
The searing ray hits the crimson imp!
You kill the crimson imp!
Vehumet accepts your kill. (Press . to maintain the ray.)
An acid dragon comes into view.
Aiming: Magic Dart (safe; 1% risk of failure)
Press: ? - help, Q - select action, (/) - cycle Shift-Dir - straight line, f - acid dragon
Aim: an acid dragon (wandering, hasn't noticed you, 100% to hit)
The magic dart hits the acid dragon but does no damage.
The acid dragon roars!
Unknown command.
The acid dragon spits acid at you. The splash of acid hits you!
You are splashed with acid!
You start resting.
An acid dragon is nearby!
Casting: Magic Dart (safe; 1% risk of failure)
Confirm with . or Enter, or press ? or * to list all spells.
Aiming: Searing Ray (safe; 1% risk of failure)
Press: ? - help, Shift-Dir - straight line, f/p - acid dragon
Aim: an acid dragon (81% to hit)
The searing ray misses the acid dragon. (Press . to maintain the ray.)
The acid dragon spits acid at you. The splash of acid hits you.
You are splashed with acid!
The searing ray hits the acid dragon.
The acid dragon is lightly wounded.
The acid dragon misses you. The acid dragon closely misses you.
The searing ray hits the acid dragon but does no damage.
The acid dragon is lightly wounded.
The acid dragon bites you.
* * * LOW HITPOINT WARNING * * *
The acid dragon claws you.
* * * LOW HITPOINT WARNING * * *
The searing ray hits the acid dragon!
The acid dragon is moderately wounded.
You finish channeling your searing ray.
The acid dragon spits acid at you. The splash of acid hits you!
You die...

....####...#..##.........
......##.................
...#.....................
...##....................
..........##......##.....
..............##.........
..............##...##.##
....#..............#
....##..........@#..#
....#..........D##.....
....##.........=. .......
...........>.... .......
...... .....## D#..#..
....## ..... .####..
..### .... .. ..##. ..#.
.....


You could see an acid dragon (catching breath).

Vanquished Creatures
  An acid dragon (D:6)
  An ice beast (D:7)
  An orc warrior (D:6)
  2 sky beasts
  A necrophage (D:4)
  A phantom (D:6)
  A kobold brigand (D:7)
  A water moccasin zombie (D:6)
  4 wights (D:7)
  A crimson imp (D:7)
  3 orc priests
  A hound (D:5)
  2 iguanas
  Jessica (D:2)
  2 orc wizards
  A hound skeleton (D:4)
  11 gnolls
  3 howler monkey skeletons
  8 adders
  A worm (D:5)
  4 dart slugs
  32 orcs
  5 ball pythons
  4 endoplasms
  A giant cockroach (D:3)
  9 goblins
  11 hobgoblins
  12 jackals
  5 quokkas
  4 bats
  A frilled lizard (D:2)
  A hobgoblin zombie (D:7)
  13 kobolds
  A kobold skeleton (D:7)
  2 kobold zombies (D:7)
  10 rats
162 creatures vanquished.

Notes
Turn   | Place    | Note
-------+----------+-------------------------------------------
     0 | D:1      | Rickety the Gnoll Conjurer began the quest for the Orb.
     0 | D:1      | Reached XP level 1. HP: 13/13 MP: 6/6
   358 | D:1      | Reached XP level 2. HP: 19/19 MP: 4/7
   361 | D:1      | Learned a level 2 spell: Searing Ray
  1126 | D:1      | Reached XP level 3. HP: 25/25 MP: 5/9
  1130 | D:1      | Learned a level 3 spell: Dazzling Flash
  1528 | D:2      | Found a snail-covered altar of Cheibriados.
  1531 | D:2      | Reached skill level 5 in Spellcasting
  1616 | D:2      | Reached skill level 1 in Invocations
  1684 | D:2      | Found a faded altar of an unknown god.
  1695 | D:2      | Reached skill level 1 in Fighting
  1695 | D:2      | Reached skill level 1 in Short Blades
  1695 | D:2      | Reached skill level 1 in Long Blades
  1695 | D:2      | Reached skill level 1 in Axes
  1695 | D:2      | Reached skill level 1 in Maces & Flails
  1695 | D:2      | Reached skill level 1 in Polearms
  1695 | D:2      | Reached skill level 1 in Staves
  1695 | D:2      | Reached skill level 1 in Slings
  1695 | D:2      | Reached skill level 1 in Bows
  1695 | D:2      | Reached skill level 1 in Crossbows
  1695 | D:2      | Reached skill level 1 in Throwing
  1695 | D:2      | Reached skill level 1 in Armour
  1695 | D:2      | Reached skill level 1 in Shields
  1695 | D:2      | Reached skill level 1 in Unarmed Combat
  1695 | D:2      | Reached skill level 1 in Evocations
  1807 | D:2      | Noticed Jessica
  1811 | D:2      | Reached XP level 4. HP: 32/32 MP: 4/11
  1991 | D:2      | Reached skill level 1 in Hexes
  1991 | D:2      | Reached skill level 1 in Summonings
  1991 | D:2      | Reached skill level 1 in Necromancy
  1991 | D:2      | Reached skill level 1 in Translocations
  1991 | D:2      | Reached skill level 1 in Transmutations
  1991 | D:2      | Reached skill level 1 in Fire Magic
  1991 | D:2      | Reached skill level 1 in Ice Magic
  1991 | D:2      | Reached skill level 1 in Air Magic
  1991 | D:2      | Reached skill level 1 in Earth Magic
  1991 | D:2      | Reached skill level 1 in Poison Magic
  2328 | D:2      | Reached XP level 5. HP: 37/37 MP: 7/12
  2526 | D:2      | Killed Jessica
  3024 | D:3      | Reached XP level 6. HP: 44/44 MP: 9/13
  4185 | D:3      | Reached skill level 5 in Dodging
  4375 | D:4      | Noticed a necrophage
  4379 | D:4      | Killed a necrophage
  4574 | D:4      | Found Onaira's Magic Scroll Emporium.
  4633 | D:4      | Bought a scroll of identify for 26 gold pieces
  4633 | D:4      | Bought a scroll of identify for 26 gold pieces
  4633 | D:4      | Bought a scroll of identify for 26 gold pieces
  4841 | D:4      | Found a large runed translucent door.
  4842 | D:4      | Found a large runed translucent door.
  5552 | D:4      | Reached XP level 7. HP: 40/50 MP: 8/15
  5841 | D:5      | Entered Level 5 of the Dungeon
  6012 | D:5      | Found a bloodstained altar of Trog.
  7062 | D:6      | Found a snail-covered altar of Cheibriados.
  7232 | D:6      | Reached skill level 5 in Stealth
  7595 | D:6      | Reached XP level 8. HP: 49/57 MP: 7/16
  7738 | D:6      | Found a blossoming altar of Fedhas.
  7789 | D:6      | Found a hazy altar of Hepliaklqana.
  7800 | D:6      | Learned a level 2 spell: Ensorcelled Hibernation
  7931 | D:6      | Found a staircase to the Ecumenical Temple.
  7943 | Temple   | Entered the Ecumenical Temple
  7964 | Temple   | Became a worshipper of Vehumet
  8919 | D:7      | Found an ornate altar of the Wu Jian Council.
  8930 | D:7      | Found a shimmering blue altar of Sif Muna.
  9233 | D:7      | Reached * piety under Vehumet
  9233 | D:7      | Offered knowledge of Foxfire by Vehumet.
  9246 | D:7      | Killed from afar by an acid dragon

Illustrated notes

Levels and vault maps discovered:
D:1:      minmay_arrival_stair_chambers, layout_basic, amcnicky_mini_pool_small
D:2:      layout_loops_cross, basic_altar, ebering_ecumenical_altar_mist,
          uniq_jessica
D:3:      layout_basic, guppyfry_early_orc_mine
D:4:      layout_loops_corners, jmf_multi_god_temple2, serial_shops, shop,
          kennysheep_generic_room_12
D:5:      layout_loops_ring, trog_butcher_becter
D:6:      layout_rooms, mainiacjoe_overflow_alcove_2,
          mainiacjoe_overflow_two_lobes, minmay_temple_entry_ruins
D:7:      layout_cave_pools, nicolae_tso_besieged_by_evil,
          grunt_temple_overflow_open, serial_park_tiny_2, chequers_avenue
Temple:   nicolae_temple_hex_pool

Skill      XL: |  1  2  3  4  5  6  7  8 |
---------------+-------------------------+-----
Spellcasting   | 5 6 |  6.3
Invocations    | 1 2 3 4 |  4.0
Fighting       | 1 2 3 |  3.7
Short Blades   | 1 2 3 |  3.7
Long Blades    | 1 2 3 |  3.7
Axes           | 1 2 3 |  3.7
Maces & Flails | 1 2 3 |  3.7
Polearms       | 1 2 3 |  3.7
Staves         | 1 2 3 |  3.7
Slings         | 1 2 3 |  3.7
Bows           | 1 2 3 |  3.7
Crossbows      | 1 2 3 |  3.7
Throwing       | 1 2 3 |  3.7
Armour         | 1 2 3 |  3.7
Shields        | 1 2 3 |  3.7
Unarmed Combat | 1 2 3 |  3.7
Evocations     | 1 2 3 |  3.7
Hexes          | 1 2 3 |  3.0
Summonings     | 1 2 3 |  3.0
Necromancy     | 1 2 3 |  3.0
Translocations | 1 2 3 |  3.0
Transmutations | 1 2 3 |  3.0
Fire Magic     | 1 2 3 |  3.0
Ice Magic      | 1 2 3 |  3.0
Air Magic      | 1 2 3 |  3.0
Earth Magic    | 1 2 3 |  3.0
Poison Magic   | 1 2 3 |  3.0
Dodging        | 5 |  5.9
Stealth        | 5 |  5.6
Conjurations   | |  7.8

Action                   |  1- 3 |  4- 6 |  7- 9 || total
-------------------------+-------+-------+-------++-------
Melee: Whip              |     2 |       |     7 ||     9
       Bite              |       |       |     1 ||     1
 Cast: Magic Dart        |    48 |    99 |    62 ||   209
       Searing Ray       |     4 |    20 |    42 ||    66
       Dazzling Flash    |       |       |     1 ||     1
  Use: Scroll            |       |       |     1 ||     1
 Stab: Sleeping          |     1 |       |       ||     1
Armor: Robe              |     2 |       |     4 ||     6
Dodge: Dodged            |     9 |     8 |    42 ||    59
